 Dungeon Crawl Stone Soup version 0.26-a0-394-g0b5ff556b1 (webtiles) character file.

Game seed: 4847565638498643938

12182 Misa the Protected (level 11, -7/73 HPs)
             Began as a Gargoyle Fighter on July 23, 2020.
             Was a High Priest of Okawaru.
             Killed by refrigeration
             ... invoked by Fannar
              (22 damage)
             ... on level 12 of the Dungeon.
             The game lasted 00:31:40 (13007 turns).

Misa the Protected (Gargoyle Fighter)              Turns: 13007, Time: 00:31:40

Health: -7/73      AC: 31    Str: 24    XL:     11   Next: 89%
Magic:  15/15      EV:  6    Int:  8    God:    Okawaru [*****.]
Gold:   878        SH: 17    Dex:  9    Spells: 10/10 levels left

rFire    . . .     SeeInvis +   b - +1 mace (venom)
rCold    . . .     Faith    .   c - +0 kite shield
rNeg     + . .     Spirit   .   q - +0 plate armour
rPois    ∞         Reflect  +   W - +0 hat "Xaix" {rPois SInv Stlth+}
rElec    +         Harm     .   g - +2 cloak
rCorr    .                      C - +0 pair of gloves
MR       .....                  J - +2 pair of boots
Stlth    ..........             x - amulet of reflection
HPRegen  0.22/turn              l - ring of wizardry
MPRegen  0.14/turn              D - ring of wizardry

@: no status effects
A: negative energy resistance 1, electricity resistance, unbreathing,
petrification resistance, rot immunity, AC +8
a: Heroism, Finesse, Renounce Religion


You were on level 12 of the Dungeon.
You worshipped Okawaru.
Okawaru was extremely pleased with you.
You visited 2 branches of the dungeon, and saw 14 of its levels.
You also visited: Ossuary.

You collected 878 gold pieces.

Inventory:

Hand Weapons
 b - a +1 mace of venom (weapon)
 w - a +1 spear of freezing
 P - a +5 mace
 U - a +0 vampiric morningstar
Missiles
 s - 23 boomerangs (quivered)
 S - 8 javelins
Armour
 c - a +0 kite shield (worn)
 g - a +2 cloak (worn)
 q - a +0 plate armour (worn)
 C - a +0 pair of gloves (worn)
 J - a +2 pair of boots (worn)
 W - the +0 hat "Xaix" (worn) {rPois SInv Stlth+}
   (Okawaru gifted it to you on level 12 of the Dungeon)

   It protects you from poison.
   It lets you see invisible.
   It makes you more stealthy.
Jewellery
 l - a ring of wizardry (left hand)
 x - an amulet of reflection (around neck)
 D - a ring of wizardry (right hand)
 I - an uncursed amulet of the acrobat
Wands
 B - a wand of flame (25)
 G - a wand of paralysis (8)
 L - a wand of polymorph (5)
 M - a wand of random effects (11)
 Q - a wand of iceblast (6)
Scrolls
 a - 2 scrolls of acquirement {unknown}
 e - 7 scrolls of remove curse
 h - 3 scrolls of fear {unknown}
 k - 6 scrolls of teleportation {unknown}
 o - 4 scrolls of fog {unknown}
 t - 9 scrolls of identify {unknown}
 y - a scroll of holy word {unknown}
 A - 3 scrolls of amnesia {unknown}
 E - a scroll of enchant armour {unknown}
 N - 2 scrolls of enchant weapon {unknown}
 O - 2 scrolls of noise {unknown}
 R - a scroll of silence {unknown}
 T - a scroll of immolation {unknown}
 V - a scroll of magic mapping {unknown}
Potions
 d - 5 potions of might
 f - 6 potions of curing {unknown}
 i - a potion of heal wounds {unknown}
 m - 3 potions of cancellation {unknown}
 n - 4 potions of brilliance {unknown}
 p - a potion of berserk rage {unknown}
 r - a potion of invisibility {unknown}
 u - 6 potions of degeneration {unknown}
 v - 4 potions of ambrosia {unknown}
 z - a potion of haste {unknown}
 F - 3 potions of magic {unknown}
 H - 3 potions of lignification {unknown}
 K - 2 potions of mutation {unknown}


   Skills:
 + Level 10.3 Fighting
 + Level 9.2 Maces & Flails
 + Level 10.3 Armour
 + Level 10.3 Shields
 + Level 5.7 Invocations


You had 10 spell levels left.
You didn't know any spells.
Your spell library contained the following spells:

 Spells                   Type           Power        Failure   Level
 Animate Skeleton         Necr           #.....       88%         1
 Corona                   Hex            #......      88%         1
 Magic Dart               Conj           #...         88%         1
 Pain                     Necr           #...         88%         1
 Ensorcelled Hibernation  Hex/Ice        #.....       95%         2
 Searing Ray              Conj           #.....       95%         2
 Confusing Touch          Hex            #.......     99%         3
 Dazzling Flash           Conj/Hex       #.....       99%         3
 Tukima's Dance           Hex            #.......     99%         3
 Vampiric Draining        Necr           #.........   99%         3
 Animate Dead             Necr           #.........   100%        4
 Fulminant Prism          Conj/Hex       #.........   100%        4
 Ice Form                 Ice/Tmut       #.......     100%        4
 Iskenderun's Mystic Bla  Conj/Tloc      #.......     100%        4
 Agony                    Necr           #.......     100%        5
 Metabolic Englaciation   Hex/Ice        #.........   100%        5
 Freezing Cloud           Conj/Ice/Air   #.........   100%        6
 Ozocubu's Refrigeration  Ice            #.........   100%        6
 Simulacrum               Ice/Necr       #.........   100%        6


Dungeon Overview and Level Annotations

Branches:
Dungeon (13/15)            Temple (1/1) D:4            Lair (0/6) D:8
    Orc (0/2) D:9         Ossuary (visited)
 Vaults: D:13-14

Altars:
Ashenzari
Cheibriados
Dithmenos
Elyvilon
Fedhas
Gozag
Hepliaklqana
Kikubaaqudgha
Makhleb
Nemelex Xobeh
Okawaru
Qazlal
Ru
Sif Muna
Trog
Uskayaw
Vehumet
Wu Jian
Xom
Yredelemnul
Zin
The Shining One

Annotations:
D:4 2 runed translucent doors, zyera's ghost, amateur DrFE
D:12 Fannar


Innate Abilities, Weirdness & Mutations

You are resistant to torment.
Your stone body is resilient. (AC +8)
You are immune to poison.
You resist negative energy. (rN+)
You are resistant to electric shocks. (rElec)
You can survive without breathing.
You are immune to petrification.
You are immune to rotting.


Message History

Fannar hits you but does no damage. Fannar freezes you.
There is a stone staircase leading up here.
You closely miss Fannar.
Fannar is lightly wounded.
Fannar hits you but does no damage. Fannar freezes you.
There is a stone staircase leading up here.
You hit Fannar but do no damage.
Fannar looks as sick as possible!
Fannar is lightly wounded.
There is a stone staircase leading up here.
You miss Fannar.
Fannar is lightly wounded.
Fannar gestures wildly while chanting.
Fannar drains the heat from the surrounding environment!
You feel very cold.
* * * LOW HITPOINT WARNING * * *
Fannar is frozen.
Fannar resists.
Fannar mumbles some strange words.
Fannar drains the heat from the surrounding environment!
You feel very cold.
You die...

##### #.... #.###
######.##.
#########.........
#.........####.##.
#.######### #.###
#.# #.# # #@# #.#
# #e# #.. # ####.#
... #....# #.
#.#### #.# #.# #Y#
#.#


You could see Fannar (icy armour, extremely poisoned).

Vanquished Creatures
  A hydra (D:12)
  A two-headed ogre (D:9)
  An ugly thing (D:11)
  3 gargoyles
  3 trolls
  Grinder (D:5)
  4 hippogriffs
  Sigmund (D:3)
  2 wyverns
  11 yaks
  A wraith (D:11)
  An acid dragon (D:12)
  Duvessa (D:6)
  2 porcupines (D:8)
  2 water moccasins
  6 ice beasts
  4 orc warriors
  A black bear (D:7)
  An eye of draining (D:12)
  2 ogres
  A necrophage (D:10)
  2 phantoms
  A centaur (D:8)
  3 crocodiles
  3 bullfrogs
  A gnoll sergeant (D:7)
  Dowan (D:6)
  3 scorpions
  13 killer bees
  7 wights
  A crimson imp (D:6)
  2 bullfrog zombies
  2 jellies
  A bullfrog skeleton (D:6)
  3 hounds
  A quasit (D:9)
  Crazy Yiuf (D:5)
  11 orc priests
  A centaur skeleton (D:6)
  Jessica (D:3)
  20 orc wizards
  4 iguanas
  6 worker ants
  13 mummies (Ossuary)
  10 gnolls
  2 howler monkey skeletons
  7 adders
  A shadow imp (D:10)
  A white imp (D:5)
  2 ufetubi
  An ooze (D:7)
  An adder zombie (D:8)
  2 adder skeletons
  4 worms
  7 dart slugs
  7 leopard geckos
  65 orcs
  6 giant cockroaches
  11 goblins
  5 hobgoblins
  2 jackals
  7 kobolds
  6 quokkas
  A ball python (D:2)
  6 bats
  5 frilled lizards
  2 gnoll skeletons (Ossuary)
  A goblin skeleton (Ossuary)
  4 kobold skeletons (Ossuary)
  An orc skeleton (Ossuary)
  2 quokka zombies
  15 rats
  11 rat skeletons (Ossuary)
346 creatures vanquished.

Vanquished Creatures (others)
  2 orc wizards
  A frilled lizard (D:1)
3 creatures vanquished.

Grand Total: 349 creatures vanquished

Notes
Turn   | Place    | Note
-------+----------+-------------------------------------------
     0 | D:1      | Misa the Gargoyle Fighter began the quest for the Orb.
     0 | D:1      | Reached XP level 1. HP: 14/14 MP: 1/1
   244 | D:1      | Reached XP level 2. HP: 19/19 MP: 2/2
   820 | D:1      | Reached XP level 3. HP: 23/23 MP: 3/3
  1510 | D:2      | Reached XP level 4. HP: 29/29 MP: 4/4
  2340 | D:2      | Found a blossoming altar of Fedhas.
  2448 | D:3      | Reached XP level 5. HP: 31/33 MP: 5/5
  2510 | D:3      | Noticed Sigmund
  2522 | D:3      | Killed Sigmund
  2522 | D:3      | Reached XP level 6. HP: 40/40 MP: 6/6
  2619 | D:3      | Noticed Jessica
  2623 | D:3      | Killed Jessica
  3011 | D:4      | Found a staircase to the Ecumenical Temple.
  3015 | D:4      | Reached skill level 5 in Shields
  3020 | Temple   | Entered the Ecumenical Temple
  3138 | D:5      | Entered Level 5 of the Dungeon
  3150 | D:4      | Found a runed translucent door.
  3154 | D:4      | Noticed zyera's ghost (amateur DrFE)
  3182 | D:4      | Found a runed translucent door.
  3249 | D:4      | Reached skill level 5 in Fighting
  3251 | D:4      | Reached skill level 5 in Armour
  3374 | D:4      | Found a sand-covered staircase.
  3384 | Ossuary  | Entered an ossuary
  3418 | Ossuary  | Reached XP level 7. HP: 41/44 MP: 7/7
  4751 | D:5      | Found an iron altar of Okawaru.
  4774 | D:5      | Became a worshipper of Warmaster Okawaru
  4935 | D:5      | Found a runed translucent door.
  4936 | D:5      | Noticed Crazy Yiuf
  5002 | D:5      | Noticed Grinder
  5003 | D:5      | Paralysed by Grinder for 6 turns
  5027 | D:5      | Paralysed by Grinder for 3 turns
  5045 | D:5      | Killed Grinder
  5045 | D:5      | Reached XP level 8. HP: 37/51 MP: 8/8
  5147 | D:5      | Found a sparkling altar of Nemelex Xobeh.
  5369 | D:5      | Killed Crazy Yiuf
  5422 | D:6      | Reached skill level 5 in Maces & Flails
  5960 | D:6      | Found a sparkling altar of Nemelex Xobeh.
  6036 | D:6      | Noticed Duvessa
  6037 | D:6      | Noticed Dowan
  6045 | D:6      | Killed Duvessa
  6045 | D:6      | Reached * piety under Okawaru
  6048 | D:6      | Killed Dowan
  6107 | D:6      | Found a glowing silver altar of Zin.
  6108 | D:6      | Found a shadowy altar of Dithmenos.
  6110 | D:6      | Found a hide-covered altar of Uskayaw.
  6112 | D:6      | Found a shattered altar of Ashenzari.
  6112 | D:6      | Found a basalt altar of Yredelemnul.
  6131 | D:6      | Found a burning altar of Makhleb.
  6131 | D:6      | Found a radiant altar of Vehumet.
  6321 | D:7      | Found the amulet of the Air {Inacc +Fly rElec EV+5 RMsl}
  6375 | D:7      | Reached XP level 9. HP: 49/56 MP: 9/9
  6462 | D:7      | Got a coiled silver ring
  6464 | D:7      | Identified the cursed ring "Mishao" {+Blink EV-4 Str+2
                  | Dex-4} (You found it on level 7 of the Dungeon)
  6485 | D:7      | Reached ** piety under Okawaru
  7454 | D:8      | Reached *** piety under Okawaru
  7606 | D:8      | Reached XP level 10. HP: 64/64 MP: 10/10
  7651 | D:8      | Found a shimmering altar of Xom.
  7801 | D:8      | Found a hazy altar of Hepliaklqana.
  7911 | D:8      | Found a staircase to the Lair.
  8037 | D:8      | Found a sacrificial altar of Ru.
  8235 | D:9      | Reached **** piety under Okawaru
  8235 | D:9      | Reached skill level 1 in Invocations
  8372 | D:9      | Found a staircase to the Orcish Mines.
  9118 | D:10     | Entered Level 10 of the Dungeon
  9245 | D:10     | Reached ***** piety under Okawaru
  9704 | D:10     | Noticed a two-headed ogre
  9859 | D:9      | Killed a two-headed ogre
  9859 | D:9      | Reached XP level 11. HP: 65/71 MP: 13/13
 10499 | D:11     | Received a gift from Okawaru
 10566 | D:11     | Noticed a white ugly thing
 10580 | D:11     | Killed a white ugly thing
 10624 | D:11     | Noticed a seven-headed hydra
 11433 | D:11     | Reached skill level 10 in Fighting
 11482 | D:11     | Reached skill level 10 in Armour
 11482 | D:11     | Reached skill level 10 in Shields
 11482 | D:11     | Reached skill level 5 in Invocations
 12237 | D:12     | Noticed a five-headed hydra
 12249 | D:12     | Killed a five-headed hydra
 12359 | D:12     | Received a gift from Okawaru
 12362 | D:12     | Got a smoking hat {god gift}
 12372 | D:12     | Identified the +0 hat "Xaix" {rPois SInv Stlth+} (Okawaru
                  | gifted it to you on level 12 of the Dungeon)
 12522 | D:12     | Noticed Fannar
 12534 | D:13     | Noticed a two-headed ogre
 12534 | D:13     | Noticed an ogre mage
 12534 | D:13     | Noticed a two-headed ogre
 12536 | D:13     | Noticed a centaur warrior
 13007 | D:12     | Killed from afar by Fannar

Illustrated notes

Levels and vault maps discovered:
D:1:      dpeg_arrival_stone_temple_mockup, layout_loops_corners,
          lemuel_flame_loot_1
D:2:      minmay_razor_zed, layout_loops_ring, fedhas_altar_4,
          kennysheep_another_room
D:3:      layout_basic, uniq_jessica, uniq_sigmund
D:4:      layout_loops_ring, minmay_temple_entry_hall,
          chequers_ossuary_entry_cave, ebering_ghost_sewer_f
D:5:      layout_cave_pools, kennysheep_okawaru_gauntlet,
          nemelex_xobeh_ov_fountains_minmay, uniq_crazy_yiuf_cottage,
          uniq_grinder
D:6:      cheibrodos_helix_gallery, layout_rooms,
          grunt_temple_overflow_lords_of_destruction,
          grunt_temple_overflow_open, chequers_serial_rivers_marsh,
          nemelex_lonely_heart_becter, uniq_duvessa
D:7:      minmay_clustersquares, layout_loops_ring, minmay_misc_feat_room
D:8:      layout_rooms, nicolae_overflow_crystal_walls,
          nicolae_ru_sacrificial_ziggurat, xom_butterflies,
          grunt_lair_entry_orc_guard_hut
D:9:      layout_loops_ring, hiddenorc2_lemuel, serial_bayou_crossing
D:10:     layout_loops_ring, kennysheep_generic_room_16
D:11:     layout_cave_pods
D:12:     layout_loops_ring, uniq_fannar
D:13:     layout_grid_maze, david_vaults_2, serial_shops, kennysheep_little_box,
          st_stairs_13, minivault_12, uniq_rupert
Temple:   compressed_dpeg_triangle_lava_temple

Skill      XL: |  1  2  3  4  5  6  7  8  9 10 11 |
---------------+----------------------------------+-----
Shields        | 4 5 6 8 9 10 | 10.3
Fighting       | 4 5 6 8 9 10 | 10.3
Armour         | 4 5 6 8 9 10 | 10.3
Maces & Flails | 3 4 5 7 8 9 |  9.2
Invocations    | 3 5 |  5.7

Action                   |  1- 3 |  4- 6 |  7- 9 | 10-12 || total
-------------------------+-------+-------+-------+-------++-------
Melee: Flail             |   139 |    43 |       |       ||   182
       Mace              |       |   114 |   577 |   630 ||  1321
       Morningstar       |       |       |       |    52 ||    52
Throw: Boomerang         |       |       |    10 |       ||    10
  Use: Scroll            |       |       |     2 |       ||     2
Armor: Scale mail        |    77 |    20 |       |       ||    97
       Plate armour      |       |    70 |   283 |   349 ||   702
Dodge: Dodged            |    43 |    23 |    87 |   138 ||   291
Block: Kite shield       |    64 |    77 |   464 |   631 ||  1236
       Reflection        |       |       |     2 |    19 ||    21

Table legend: (Time is in decaauts)
 A = Elapsed time spent in this place.
 B = Non-inter-level travel time spent in this place.
 C = Inter-level travel time spent in this place.
 D = Time resting spent in this place.
 E = Time spent auto-exploring this place.
 F = Levels seen in this place.
 G = Mean time per level.
                   A        B        C        D        E       F      G
               +--------+--------+--------+--------+--------+-----+--------+
         Total |  13280 |  12770 |    510 |   3071 |   5468 |  15 |  885.3 |
       Dungeon |  12438 |  11928 |    510 |   2762 |   5384 |  13 |  956.8 |
        Temple |     70 |     70 |      0 |      0 |      0 |   1 |   70.0 |
       Ossuary |    771 |    771 |      0 |    309 |     84 |   1 |  771.0 |
               +--------+--------+--------+--------+--------+-----+--------+

Top non-repeatable levels by time:
    D:11: 1475 daAuts
     D:2: 1426 daAuts
    D:10: 1283 daAuts
     D:7: 1181 daAuts
     D:5: 1163 daAuts
     D:1: 1064 daAuts
    D:12: 999 daAuts
     D:9: 979 daAuts
     D:8: 894 daAuts
 Ossuary: 771 daAuts
     D:4: 770 daAuts
     D:3: 598 daAuts
     D:6: 590 daAuts
  Temple: 70 daAuts
    D:13: 11 daAuts
